 Dungeon Crawl Stone Soup version 0.23-a0-307-gc3b755d021 (webtiles) character file.

31700 PikkenKukken the Spear-Bearer (level 13, -3/101 HPs)
             Began as a Demonspawn Fighter on Oct 10, 2018.
             Was the Champion of Qazlal.
             Splashed by an oklob plant's acid (13 damage)
             ... on level 3 of the Lair of Beasts.
             The game lasted 00:35:14 (16865 turns).

PikkenKukken the Spear-Bearer (Demonspawn Fighter) Turns: 16865, Time: 00:35:16

Health: -3/101     AC:  5    Str: 22    XL:     13   Next: 27%
Magic:  19/24      EV:  9    Int: 10    God:    Qazlal [******]
Gold:   680        SH: 21    Dex: 14    Spells: 12/12 levels left

rFire    . . .     SeeInvis .   a - +3 trident (freeze)
rCold    + + .     Gourm    .   c - +1 shield
rNeg     . . .     Faith    +   m - +0 plate armour
rPois    +         Spirit   .   z - +0 Maxwell's etheric cage {RegenMP+ *Contam rElec MP+4}
rElec    +         Reflect  .   I - +0 cloak
rCorr    .         Harm     .   E - +0 pair of gloves
MR       +....                  (no boots)
Stlth    ..........             D - amulet of faith
HPRegen  0.26/turn              x - ring of poison resistance MPRegen 0.69/turn*
                                J - ring of protection from cold

@: corroded, repel missiles
A: fangs 1, hooves 2, slimy green scales 2, agile 1, cold resistance 1, demonic
guardian 2, magic resistance 1, freezing cloud immunity
a: Upheaval, Elemental Force, Disaster Area, Renounce Religion


You were on level 3 of the Lair of Beasts.
You worshipped Qazlal.
Qazlal was exalted by your worship.
You were full.

You visited 3 branches of the dungeon, and saw 14 of its levels.
You also visited: Sewer and Ice Cave.

You collected 680 gold pieces.

Inventory:

Hand Weapons
 a - a +3 trident of freezing (weapon)
 b - a +0 blowgun
Missiles
 A - 107 poisoned needles
Armour
 c - a +1 shield (worn)
 m - a +0 plate armour (worn)
 z - the +0 Maxwell's etheric cage (worn) {RegenMP+ *Contam rElec MP+4}
   (You found it on level 5 of the Dungeon)

   It insulates you from electricity.
   It affects your magic capacity (+4).
   It causes magical contamination when unequipped.
 E - a +0 pair of gloves (worn)
 I - a +0 cloak (worn)
Jewellery
 x - a ring of poison resistance (left hand)
 D - an amulet of faith (around neck)
 J - a ring of protection from cold (right hand)
Wands
 e - a wand of paralysis (20)
 k - a wand of random effects (44)
 n - a wand of acid (6)
 p - a wand of clouds (3)
 s - a wand of enslavement (16)
Scrolls
 g - 3 scrolls of identify
 q - 9 scrolls of remove curse
 t - 7 scrolls of magic mapping
 B - 2 scrolls of fear
 C - 4 scrolls of teleportation
 F - a scroll of amnesia
 G - 2 scrolls of enchant armour
 K - a scroll of fog
Potions
 d - 2 potions of might
 h - a potion of agility
 i - a potion of mutation
 j - 2 potions of brilliance
 l - a potion of haste {unknown}
 o - a potion of invisibility {unknown}
 r - 2 potions of resistance
 u - 4 potions of lignification
 v - a potion of berserk rage {unknown}
 w - 10 potions of curing
 y - 5 potions of heal wounds
 H - a potion of flight {unknown}
Comestibles
 f - 20 rations


   Skills:
 + Level 9.4 Fighting
 * Level 10.8 Polearms
 + Level 8.7 Armour
 + Level 7.9 Dodging
 + Level 8.7 Shields
 + Level 10.0 Invocations
 - Level 5.0 Evocations


You had 12 spell levels left.
You didn't know any spells.
Your spell library contained the following spells:

 Spells                   Type           Power        Failure   Level  Hunger
 Confusing Touch          Hex            #.....       100%        1    ##.....
 Flame Tongue             Conj/Fire      #....        100%        1    ##.....
 Sandblast                Erth           #.....       100%        1    ##.....
 Passwall                 Tmut/Erth      #.......     100%        2    ###....
 Throw Flame              Conj/Fire      #.....       100%        2    ###....
 Confuse                  Hex            #.......     100%        3    ####...
 Conjure Flame            Conj/Fire      #.......     100%        3    ####...
 Gell's Gravitas          Tloc           #.........   100%        3    ####...
 Inner Flame              Hex/Fire       #.......     100%        3    ####...
 Recall                   Summ/Tloc      N/A          100%        3    ####...
 Stone Arrow              Conj/Erth      #.....       100%        3    ####...
 Animate Dead             Necr           N/A          100%        4    #####..
 Petrify                  Tmut/Erth      #.......     100%        4    #####..
 Sticky Flame             Conj/Fire      #.......     100%        4    #####..
 Borgnjor's Vile Clutch   Necr/Erth      #.........   100%        5    ######.
 Fireball                 Conj/Fire      #.........   100%        5    ######.
 Lee's Rapid Deconstruct  Erth           #.........   100%        5    ######.
 Metabolic Englaciation   Hex/Ice        #.........   100%        5    ######.
 Yara's Violent Unravell  Hex/Tmut       #.........   100%        5    ######.
 Death Channel            Necr           #.........   100%        6    #######
 Simulacrum               Ice/Necr       #.........   100%        6    #######


Dungeon Overview and Level Annotations

Branches:
Dungeon (10/15)            Temple (1/1) D:5            Lair (3/6) D:10
 Shoals (0/4) Lair:2       Spider (0/4) Lair:2          Orc (0/2) D:9

Altars:
Ashenzari
Cheibriados
Dithmenos
Elyvilon
Fedhas
Gozag
Hepliaklqana
Kikubaaqudgha
Makhleb
Nemelex Xobeh
Okawaru
Qazlal
Sif Muna
Trog
Uskayaw
Vehumet
Wu Jian
Xom
Yredelemnul
Zin
The Shining One

Shops:
D:4 (   D:5 }   D:8 =

Annotations:
D:5 2 transporters
D:8 2 runed doors, MirrMurr's ghost, novice OpBe
Lair:3 exclusion: 3 oklob plants


Innate Abilities, Weirdness & Mutations

You have hoof-like feet.
You are mostly covered in slimy green scales. (AC +3)
Your flesh is cold resistant. (rC+)
A demonic guardian rushes to your aid.
You are immune to freezing clouds.
You have very sharp teeth.
You are agile. (Dex +2)
You are resistant to hostile enchantments. (MR+)


Message History

The oklob plant spits acid at you. The splash of acid hits your ice devil.
Your ice devil appears unharmed.
The oklob plant spits acid at you. The splash of acid hits you!
The acid corrodes you!
You are splashed with acid!
The acid burns!
The oklob plant spits acid at you. The splash of acid hits you!
* * * LOW HITPOINT WARNING * * *
You are splashed with acid!
The acid burns!
* * * LOW HITPOINT WARNING * * *
Your smoke demon gestures at the oklob plant.
The ball of steam hits the oklob plant.
The plant is engulfed in a cloud of scalding steam.
The oklob plant is engulfed in a cloud of scalding steam.
The oklob plant spits acid at you. The splash of acid hits you!
* * * LOW HITPOINT WARNING * * *
The acid corrodes you!
You are splashed with acid!
The acid burns!
You die...

##.##...# ### #.P.... #..###.##
##P.##P #..###.##### ##.P##
##.##..#...###### ###### #.###
###..#........##.####..P.## #.# #
##........................# #.###
.##P##########.P.###.##..####....
#####..# ######'######..#....###
# #..### #.≈≈..@3.≈≈P#..........
#..# #P≈..4..§.≈P#.......###
##..# #P≈...§§§§§P#.P.....#
##...# #P≈...§3..§P#P#.P.###
#.#..# #P≈...≈...≈P###..## ##...#
#P≈§.....≈≈P##....# ##..##
#####...#######.### ##...# #>>>#
##..# #....# ###### #...#


You could see 3 oklob plants, a friendly ice devil, a friendly sixfirhy and a
friendly smoke demon.

Vanquished Creatures
  Erolcha (D:8)
  2 death yaks
  An ice statue (IceCv)
  A merfolk siren (Lair:2)
  2 black mambas (Lair:2)
  A torpor snail (Lair:3)
  A spiny frog (Lair:2)
  A komodo dragon (Lair:3)
  A merfolk (Lair:2)
  2 trolls
  3 jumping spiders (Lair:2)
  12 polar bears (IceCv)
  2 hippogriffs
  4 redbacks (Lair:2)
  2 wyverns (D:8)
  3 vampires
  3 wraiths (D:9)
  28 yaks
  6 water moccasins
  9 porcupines
  4 orc warriors (D:9)
  An ice beast (D:10)
  3 phantoms
  2 sky beasts
  43 wolves
  3 black bears
  2 eyes of draining (D:10)
  8 ogres
  5 centaurs
  3 crocodiles
  3 big kobolds
  11 bullfrogs
  A water moccasin zombie (D:9)
  2 scorpions
  7 killer bees
  7 wights (D:8)
  2 howler monkeys
  An electric eel (Lair:2)
  3 crimson imps
  A bullfrog zombie (D:7)
  4 hounds
  4 orc priests
  9 orc wizards
  A centaur skeleton (D:5)
  4 bullfrog skeletons
  4 iguanas
  11 worker ants
  2 killer bee zombies (D:10)
  A hound zombie (D:8)
  2 hound skeletons
  2 worker ant zombies
  16 adders
  17 gnolls
  2 river rats
  3 shadow imps
  2 oozes
  2 adder skeletons
  An adder zombie (D:5)
  6 worms
  A dart slug (D:1)
  3 leopard geckos
  68 orcs
  2 ball pythons
  8 giant cockroaches
  6 goblins
  6 hobgoblins
  15 jackals
  17 kobolds
  7 quokkas
  6 bats
  6 frilled lizards
  A leopard gecko skeleton (D:8)
  A quokka skeleton (D:8)
  12 rats
  A fungus (Lair:1)
  10 plants (Lair:2)
460 creatures vanquished.

Vanquished Creatures (collateral kills)
  Gastronok (D:8)
  A frost giant (IceCv)
  Harold (D:7)
  A two-headed ogre (D:9)
  2 death yaks (IceCv)
  A jumping spider (Lair:2)
  Grinder (D:6)
  2 polar bears (IceCv)
  2 hippogriffs
  13 yaks
  A wyvern (D:9)
  2 wraiths (D:9)
  2 hungry ghosts
  A water moccasin (Lair:3)
  An orc warrior (D:10)
  Duvessa (D:6)
  An ice beast (D:10)
  A phantom (D:8)
  A black bear (D:10)
  2 ogres
  2 centaurs
  7 wolves
  A big kobold (D:10)
  A crocodile (Lair:3)
  2 bullfrogs
  Dowan (D:6)
  A scorpion (D:10)
  3 killer bees (D:9)
  2 wights (D:8)
  An electric eel (Lair:1)
  A jelly (D:10)
  A bullfrog skeleton (D:7)
  3 hounds
  An iguana (D:8)
  A worker ant (D:10)
  A leopard gecko (D:6)
  4 orcs
  A kobold (D:10)
72 creatures vanquished.

Vanquished Creatures (others)
  A wolf (IceCv)
  A bullfrog skeleton (D:7)
  7 fungi
  3 plants
12 creatures vanquished.

Grand Total: 544 creatures vanquished

Notes
Turn   | Place    | Note
-------+----------+-------------------------------------------
     0 | D:1      | PikkenKukken the Demonspawn Fighter began the quest for the
                  | Orb.
     0 | D:1      | Reached XP level 1. HP: 18/18 MP: 1/1
   191 | D:1      | Gained mutation: You have large cloven feet. [demonic
                  | ancestry]
   191 | D:1      | Reached XP level 2. HP: 6/24 MP: 2/2
   717 | D:1      | Reached XP level 3. HP: 29/29 MP: 3/3
  1348 | D:2      | Found a snail-covered altar of Cheibriados.
  1426 | D:2      | Gained mutation: You are partially covered in slimy green
                  | scales. (AC +2) [demonic ancestry]
  1426 | D:2      | Reached XP level 4. HP: 25/35 MP: 4/4
  1438 | D:2      | Reached skill level 1 in Dodging
  1788 | D:2      | Found a glowing silver altar of Zin.
  2033 | D:3      | Gained mutation: A weak demonic guardian rushes to your
                  | aid. [demonic ancestry]
  2033 | D:3      | Reached XP level 5. HP: 30/41 MP: 5/5
  2263 | D:3      | Found a white marble altar of Elyvilon.
  2659 | D:3      | Found a hazy altar of Hepliaklqana.
  3100 | D:4      | Gained mutation: A demonic guardian rushes to your aid.
                  | [demonic ancestry]
  3100 | D:4      | Reached XP level 6. HP: 42/48 MP: 6/6
  3278 | D:4      | Found Pogeghak's Weapon Shop.
  3596 | D:4      | Reached XP level 7. HP: 54/54 MP: 7/7
  3805 | D:5      | Entered Level 5 of the Dungeon
  3805 | D:5      | Found a staircase to the Ecumenical Temple.
  3826 | D:5      | Found a transporter.
  4105 | Temple   | Entered the Ecumenical Temple
  4191 | Temple   | Became a worshipper of Qazlal Stormbringer
  4287 | D:5      | Found Qaron's Gadget Shop.
  4308 | D:5      | Found the +0 Maxwell's etheric cage {RegenMP+ *Contam rElec
                  | MP+4}
  4383 | D:5      | Found a transporter.
  4394 | D:5      | Reached skill level 5 in Polearms
  4427 | D:5      | Found a basalt altar of Yredelemnul.
  4563 | D:5      | Gained mutation: You are mostly covered in slimy green
                  | scales. (AC +3) [demonic ancestry]
  4563 | D:5      | Reached XP level 8. HP: 59/61 MP: 8/8
  4906 | D:6      | Reached skill level 5 in Fighting
  5071 | D:6      | Found a glowing golden altar of the Shining One.
  5138 | D:6      | Reached * piety under Qazlal
  5168 | D:6      | Found a glowing drain.
  5195 | Sewer    | Entered a sewer
  5704 | D:6      | Found a shattered altar of Ashenzari.
  5750 | D:6      | Reached skill level 1 in Invocations
  5881 | D:6      | Reached ** piety under Qazlal
  5895 | D:6      | Found a hazy altar of Hepliaklqana.
  5915 | D:6      | Noticed Dowan
  5925 | D:6      | Noticed Duvessa
  5928 | D:6      | Reached skill level 5 in Armour
  5935 | D:6      | Killed Duvessa
  5935 | D:6      | Reached skill level 5 in Shields
  5935 | D:6      | Killed Dowan
  5956 | D:6      | Noticed Grinder
  5961 | D:6      | Killed Grinder
  5961 | D:6      | Gained mutation: You have hoof-like feet. [demonic
                  | ancestry]
  5961 | D:6      | Reached XP level 9. HP: 64/68 MP: 10/10
  7114 | D:7      | Found a shimmering altar of Xom.
  7155 | D:7      | Noticed Harold
  7162 | D:7      | Killed Harold
  7593 | D:8      | Gained mutation: Your flesh is cold resistant. (rC+)
                  | [demonic ancestry]
  7593 | D:8      | Reached XP level 10. HP: 77/77 MP: 13/13
  7606 | D:8      | Reached *** piety under Qazlal
  7621 | D:8      | Noticed Gastronok
  7632 | D:8      | Reached skill level 1 in Evocations
  7907 | D:8      | Reached skill level 5 in Dodging
  7942 | D:8      | Reached skill level 5 in Invocations
  7945 | D:8      | Killed Gastronok
  8135 | D:8      | Found a large runed door.
  8135 | D:8      | Found a large runed door.
  8136 | D:8      | Noticed MirrMurr's ghost (novice OpBe)
  8247 | D:8      | Found Vujytaar's Jewellery Shop.
  8529 | D:8      | Found a bloodstained altar of Trog.
  9000 | D:9      | Noticed Erolcha
  9014 | D:8      | Killed Erolcha
  9368 | D:9      | Reached XP level 11. HP: 70/84 MP: 15/15
  9581 | D:9      | Reached **** piety under Qazlal
  9683 | D:9      | Found a shimmering altar of Xom.
  9800 | D:9      | Found a blossoming altar of Fedhas.
  9883 | D:9      | Found the +5 scythe "Finisher" {speed, Str+3}
 10112 | D:9      | Reached ***** piety under Qazlal
 10151 | D:9      | Found a staircase to the Orcish Mines.
 10550 | D:10     | Entered Level 10 of the Dungeon
 10845 | D:10     | Reached ****** piety under Qazlal
 11243 | D:10     | Noticed a two-headed ogre
 11254 | D:9      | Killed a two-headed ogre
 11492 | D:10     | Found a staircase to the Lair.
 11844 | Lair:1   | Entered Level 1 of the Lair of Beasts
 11927 | D:10     | Reached XP level 12. HP: 39/93 MP: 18/18
 12252 | Lair:1   | Reached skill level 5 in Evocations
 12319 | Lair:1   | Found a frozen archway.
 12328 | IceCv    | Entered an ice cave
 12440 | IceCv    | Noticed a death yak
 12456 | IceCv    | Killed a death yak
 13093 | IceCv    | Noticed a death yak
 13099 | IceCv    | Reached skill level 10 in Polearms
 13104 | IceCv    | Killed a death yak
 13273 | IceCv    | Noticed a frost giant
 13299 | IceCv    | Killed a frost giant
 13771 | IceCv    | Got a pitted ring mail
 13782 | IceCv    | Identified the cursed +0 ring mail of Mecintuc {-Cast
                  | +Blink rElec rPois} (You found it in an ice cave)
 14739 | Lair:2   | Found a hole to the Spider Nest.
 14753 | Lair:2   | Gained mutation: You are immune to freezing clouds.
                  | [demonic ancestry]
 14753 | Lair:2   | Reached XP level 13. HP: 67/101 MP: 20/20
 15212 | Lair:2   | Found a staircase to the Shoals.
 15391 | Lair:2   | Gained mutation: You have very sharp teeth. [potion of
                  | mutation]
 15391 | Lair:2   | Gained mutation: You are resistant to hostile enchantments.
                  | (MR+) [potion of mutation]
 15391 | Lair:2   | Gained mutation: You are agile. (Dex +2) [potion of
                  | mutation]
 16362 | Lair:3   | Reached skill level 10 in Invocations
 16865 | Lair:3   | Splashed by an oklob plant's acid

Vault maps used:
D:1:      nagdon_arrival_zigzag_paths, minmay_pentomino_s2
D:2:      zin_treasury, old_standard_altar, hex_large
D:3:      elyvilon_altar_3, overflow_temple_1_default, first_ration,
          kennysheep_potato
D:4:      serial_shops, shop
D:5:      gammafunk_cloud_chamber, minmay_temple_entry_statues_pillars,
          serial_shops, shop, yredelemnul_altar_generic
D:6:      kennysheep_little_box, lemuel_round_altar, basic_altar,
          portal_sewer_entry_c, uniq_duvessa, uniq_grinder
D:7:      basic_altar, grunt_ogre_cave, minmay_joined_circles, uniq_harold
D:8:      minmay_four_partial_circles, overflow_temple_1_default, serial_shops,
          nicolae_shop_stone, ebering_ghost_disaster_area,
          kennysheep_generic_room_7, uniq_gastronok
D:9:      overflow_temple_1_default, nicolae_overflow_hidden_temple,
          hiddenorc2_lemuel, minmay_guarded_unrand_finisher, uniq_erolcha
D:10:     due_lair_maze_entry_diamond, nicolae_wwwww
Temple:   nicolae_temple_hex_pool
Lair:1:   portal_ice_cave_entry_pillars_1, fungi_pond_lemuel,
          grunt_forest_large_clearings
Lair:2:   wad_woods_structure_01, elwin_shoals_entry_rooms,
          nicolae_spider_entry_tight_spaces
Lair:3:   dpeg_oklob_gauntlet, serial_bayou_shore_b
Sewer:    sewer_co_15_rooms
IceCv:    ice_cave_caverns_01

Skill      XL: |  1  2  3  4  5  6  7  8  9 10 11 12 13 |
---------------+----------------------------------------+-----
Polearms       | 2 3 4 5 6 7 8 9 10 | 10.8
Armour         | 3 4 5 6 7 8 |  8.7
Shields        | 3 4 5 6 7 8 |  8.7
Dodging        | 1 2 3 4 5 6 7 |  7.9
Fighting       | 4 5 6 7 8 9 |  9.4
Invocations    | 2 4 6 8 9 10 | 10.0
Evocations     | 3 4 5 |  5.0

Action                   |  1- 3 |  4- 6 |  7- 9 | 10-12 | 13-15 || total
-------------------------+-------+-------+-------+-------+-------++-------
Melee: Trident           |   106 |   209 |   379 |   836 |   232 ||  1762
       Kick              |    11 |    46 |    91 |   220 |   106 ||   474
       Bite              |       |       |       |       |    37 ||    37
 Fire: Blowgun           |       |       |       |     3 |       ||     3
Invok: Upheaval          |       |       |     1 |     4 |       ||     5
       Elemental Force   |       |       |       |     1 |       ||     1
       Disaster Area     |       |       |       |       |     1 ||     1
  Use: Scroll            |     4 |     3 |     5 |     9 |     2 ||    23
       Potion            |       |       |       |     1 |     1 ||     2
 Stab: Distracted        |       |       |       |     6 |       ||     6
  Eat: Chunk             |     2 |     7 |    12 |    16 |     2 ||    39
       Ration            |       |       |     1 |     3 |     3 ||     7
Armor: Scale mail        |    39 |     9 |       |       |       ||    48
       Plate armour      |       |    86 |   129 |   315 |    27 ||   557
Dodge: Dodged            |    17 |    25 |    44 |   148 |     8 ||   242
       Deflected         |       |       |       |     2 |     1 ||     3
Block: Shield            |    39 |    78 |   162 |   708 |    69 ||  1056

Table legend:
 A = Non-vault XP
 B = Vault XP
 C = Vault XP percentage of total XP
 D = Non-vault monster count
 E = Vault monster count
 F = Vault count percentage of total count
                 A         B        C        D         E       F
            +---------+---------+-------+---------+---------+-------
      Total |   18874 |   26412 |  58.3 |     321 |     200 |  38.4
            +---------+---------+-------+---------+---------+-------
        D:1 |      64 |       3 |   4.5 |      25 |       1 |   3.8
        D:2 |      68 |       0 |   0.0 |      15 |       0 |   0.0
        D:3 |     124 |       4 |   3.1 |      25 |       2 |   7.4
        D:4 |     493 |       0 |   0.0 |      33 |       0 |   0.0
        D:5 |     967 |       0 |   0.0 |      27 |       0 |   0.0
        D:6 |     657 |     406 |  38.2 |      26 |       8 |  23.5
        D:7 |     970 |    1401 |  59.1 |      20 |       9 |  31.0
        D:8 |    2281 |    3212 |  58.5 |      29 |      19 |  39.6
        D:9 |    3228 |    2019 |  38.5 |      39 |      42 |  51.9
       D:10 |    3579 |    1153 |  24.4 |      46 |      12 |  20.7
     Lair:1 |     973 |    1819 |  65.2 |      11 |      17 |  60.7
     Lair:2 |    2671 |    3780 |  58.6 |      14 |      15 |  51.7
     Lair:3 |    2799 |       0 |   0.0 |      11 |       0 |   0.0
      Sewer |       0 |     188 | 100.0 |       0 |      20 | 100.0
      IceCv |       0 |   12427 | 100.0 |       0 |      55 | 100.0
            +---------+---------+-------+---------+---------+-------
